 Dungeon Sprint DCSS version 0.31-a0-716-gc7603755dd (webtiles) character file.

Game seed: 9142250532008582075

413 browni3141 the Ruffian (level 6, 0/67 HPs)
             Began as a Troll Shapeshifter on Sept 10, 2023.
             Was an Initiate of Jiyva.
             Slain by Sonja
             ... wielding a +1 dagger of distortion
              (4 damage)
             ... in the Dungeon (Sprint I: "Red Sonja").
             The game lasted 00:01:10 (151 turns).

browni3141 the Ruffian (Troll Shapeshifter)          Turns: 151, Time: 00:01:13

Health: 0/67       AC:  4    Str: 23    XL:     6   Next: 59%
Magic:  5/5        EV: 11    Int:  6    God:    Jiyva [......]
Gold:   270        SH:  0    Dex: 11    Spells: 5/5 levels left

rFire   . .          .
                       - Unarmed
rCold   . . .        (no shield)
rNeg    . . .        a - +0 animal skin
rPois   .            (helmet currently unavailable)
rElec   .            (cloak currently unavailable)
rCorr   .            (gloves unavailable)
SInv    .            (boots unavailable)
Will    .....        (no amulet)
Stlth   +            (no ring)
HPRegen 1.11/turn    (no ring)
MPRegen 0.09/turn

%: no teleportation
@: lethally poisoned (0 -> -1), beast-form, slowed, very slow
A: beast (slay +4), large, unfitting armour, claws 3, regeneration 1, shaggy fur
1, tough skin 1
a: Begin Untransformation, Renounce Religion


You were in the Dungeon.
You worshipped Jiyva.
Jiyva was noncommittal.
You were a hulking beast.
You visited 1 branch You collected 270 gold pieces.

Inventory:

Armour
 a - a +0 animal skin (worn)
Talismans
 c - a beast talisman (active)
 d - a flux talisman
Wands
 k - a wand of polymorph (6)
 l - a wand of mindburst (11)
Scrolls
 j - a scroll of blinking
Potions
 b - a potion of lignification
 e - a potion of curing
 f - a potion of heal wounds
 g - a potion of haste
 h - 2 potions of magic
 i - a potion of berserk rage


   Skills:
 + Level 5.9 Fighting
 + Level 6.1 Dodging
 + Level 7.8 Unarmed Combat
 + Level 7.2 Shapeshifting


You had 5 spell levels left.
You didn't know any spells.
Your spell library was empty.

Dungeon Overview and Level Annotations

Branches:
Dungeon (1/1)

Altars:
Makhleb
Sif Muna
Vehumet
Wu Jian
Xom
Jiyva
Lugonu

Annotations:
D Sonja


Innate Abilities, Weirdness & Mutations

You are a hulking beast.
Your limbs bulge with bestial killing power. (Slay +4)
You are too large for most types of armour.
You have claws for hands.
Your natural rate of healing is unusually fast.
You are covered in fur. (AC +1)
You have tough skin. (AC +1)


Message History

Sonja throws a curare-tipped dart.
The curare-tipped dart hits you.
You are poisoned.
You have difficulty breathing.
You feel yourself slow down.
You hear a distant slurping noise. x2
Found 108 gold pieces.
Aiming: Mindburst
Press: ? - help, Shift-Dir - straight line, f - Sonja
Aim: Sonja, wielding a +1 dagger of distortion and quivering curare-tipped darts (chance to affect: 72%) Sonja struggles to resist.
You feel very sick.
You hear a distant slurping noise. x3
Sonja shouts, "Some dancing partner you are!"
Unknown command.
Aiming: Mindburst
Press: ? - help, Shift-Dir - straight line, f/p - Sonja
Aim: Sonja, wielding a +1 dagger of distortion and quivering curare-tipped darts (chance to affect: 72%) Sonja's mind is blasted!
You feel very sick.
You hear a distant slurping noise. x2; You hear a squelching noise.
Sonja closely misses you. Sonja misses you. Sonja hits you but does no damage.
Space warps horribly around you!!
You hear a slurping noise.
You hear a distant slurping noise.
Sonja hits you with a +1 dagger of distortion.
Space warps horribly around you!
* * * LOW HITPOINT WARNING * * *
Sonja closely misses you.
Sonja hits you with a +1 dagger of distortion.
* * * LOW HITPOINT WARNING * * *
Space warps horribly around you!
* * * LOW HITPOINT WARNING * * *
You hear a slurping noise.
Unknown command.
Unknown command.
Aiming: Mindburst
Press: ? - help, Shift-Dir - straight line, f/p - Sonja
Aim: Sonja, wielding a +1 dagger of distortion and quivering curare-tipped darts (heavily wounded, chance to affect: 72%) Sonja struggles to resist.
You feel sick.
Sonja says, "If only old Madame Brzewit could see me now!"
Sonja hits you but does no damage. Space warps around you.
You die...

######################
#<.#..').#.)'..#__#..+
#..').#..'..#..'..'..#
#..#####'#####'#__####
#..# #..# #.####§$#
#..# #### ##.#~J§§c#
#..# #+#_..~~§§ #⌠⌠#
+..._#§§§§c# ####
#_h#+##+#### ##K# #.#
,G.$ ..$ ##G## #+#


You could see Sonja, a neutral shining eye (wandering) (fellow slime), a neutral
jelly (wandering) (fellow slime) and a neutral floating eye (wandering) (fellow
slime).

Vanquished Creatures
  A slime creature (D)
  Sigmund (D)
  An ogre (D)
  Ijyb (D)
4 creatures vanquished.

Vanquished Creatures (others)
  3 necrophages (D)
  4 jellies (D)
7 creatures vanquished.

Grand Total: 11 creatures vanquished

Notes
Turn   | Place    | Note
-------+----------+-------------------------------------------
     0 | D        | browni3141 the Troll Shapeshifter began the quest for the
                  | Orb.
     0 | D        | Reached XP level 1. HP: 18/18 MP: 0/0
     1 | D        | Noticed Ijyb
     7 | D        | Killed Ijyb
     8 | D        | Reached XP level 2. HP: 24/28 MP: 1/1
    12 | D        | Noticed an ogre
    17 | D        | Killed an ogre
    18 | D        | Reached skill level 5 in Unarmed Combat
    18 | D        | Reached skill level 5 in Shapeshifting
    18 | D        | Reached XP level 3. HP: 23/39 MP: 2/2
    18 | D        | Reached XP level 4. HP: 28/48 MP: 3/3
    44 | D        | Noticed Sigmund
    62 | D        | Killed Sigmund
    63 | D        | Reached skill level 5 in Fighting
    63 | D        | Reached skill level 5 in Dodging
    63 | D        | Reached XP level 5. HP: 40/57 MP: 4/4
    89 | D        | Found a burning altar of Makhleb.
    89 | D        | Found a viscous altar of Jiyva.
    89 | D        | Found a shimmering altar of Xom.
    89 | D        | Found a corrupted altar of Lugonu.
    89 | D        | Noticed a slime creature
    95 | D        | Killed a slime creature
    96 | D        | Reached XP level 6. HP: 41/67 MP: 5/5
   137 | D        | Became a worshipper of Jiyva Jockif the Shapeless
   139 | D        | Found an ornate altar of the Wu Jian Council.
   139 | D        | Found a shimmering blue altar of Sif Muna.
   141 | D        | Found a radiant altar of Vehumet.
   143 | D        | Noticed a centaur warrior
   144 | D        | Noticed a centaur warrior
   148 | D        | Noticed Sonja
   149 | D        | Noticed a shining eye
   150 | D        | Noticed a floating eye
   151 | D        | Slain by Sonja

Illustrated notes

Levels and vault maps discovered:
D:        dungeon_sprint_1 [red_sonja_temple_1, red_sonja_temple_small_1]

Skill      XL: |  1  2  3  4  5 |
---------------+----------------+-----
Fighting       | 2 3 5 |  5.9
Dodging        | 2 4 5 6 |  6.1
Unarmed Combat | 4 5 6 7 |  7.8
Shapeshifting  | 5 6 7 |  7.2

Action                     |  1- 3 |  4- 6 || total
---------------------------+-------+-------++-------
  Melee: Unarmed           |    10 |    16 ||    26
         Punch             |     2 |       ||     2
  Evoke: Wand              |       |     3 ||     3
 Armour: Animal skin       |     4 |    10 ||    14
  Dodge: Dodged            |     2 |     8 ||    10

Table legend: (Time is in decaauts)
 A = Elapsed time spent in this place.
 B = Non-inter-level travel time spent in this place.
 C = Inter-level travel time spent in this place.
 D = Time resting spent in this place.
 E = Time spent auto-exploring this place.
 F = Levels seen in this place.
 G = Mean time per level.
                   A        B        C        D        E       F      G
               +--------+--------+--------+--------+--------+-----+--------+
         Total |    149 |    149 |      0 |     55 |      0 |   1 |  149.0 |
       Dungeon |    149 |    149 |      0 |     55 |      0 |   1 |  149.0 |
               +--------+--------+--------+--------+--------+-----+--------+

Top non-repeatable levels by time:
       D: 149 daAuts
